 Dungeon Crawl Stone Soup version 0.25-a0-41-g6cf4ce537d (webtiles) character file.

Game seed: 3486306941862393876, levelgen mode: deterministic

38 Johnny the Poker (level 3, -10/29 HPs)
             Began as a Demigod Gladiator on Oct 21, 2019.
             Mangled by an ogre
             ... wielding a +0 giant spiked club
              (26 damage)
             ... on level 2 of the Dungeon.
             The game lasted 00:01:32 (764 turns).

Johnny the Poker (Demigod Gladiator)                 Turns: 764, Time: 00:01:33

Health: -10/29     AC:  4    Str: 17    XL:     3   Next: 10%
Magic:  5/5        EV: 13    Int: 14    God:
Gold:   46         SH:  0    Dex: 17    Spells: 2/2 levels left

rFire    . . .     SeeInvis .   a - +0 trident
rCold    . . .     Gourm    .   (no shield)
rNeg     . . .     Faith    .   b - +0 leather armour
rPois    .         Spirit   .   c - +0 helmet
rElec    .         Reflect  .   (no cloak)
rCorr    .         Harm     .   (no gloves)
MR       .....                  (no boots)
Stlth    +.........             (no amulet)
HPRegen  0.09/turn              (no ring)
MPRegen  0.09/turn              (no ring)

@: no status effects
A: high mp 1
a: no special abilities


You were on level 2 of the Dungeon.
You were not hungry.

You visited 1 branch of the dungeon, and saw 2 of its levels.

You collected 46 gold pieces.

Inventory:

Hand Weapons
 a - a +0 trident (weapon)
Missiles
 d - 3 throwing nets (quivered)
Armour
 b - a +0 leather armour (worn)
 c - a +0 helmet (worn)
Jewellery
 g - a cursed -2 ring of strength
Comestibles
 f - a ration


   Skills:
 - Level 1.7 Fighting
 * Level 4.0 Polearms
 - Level 1.7 Throwing
 - Level 2.6 Dodging


You had 2 spell levels left.
You didn't know any spells.
Your spell library was empty.

Dungeon Overview and Level Annotations

Branches:
Dungeon (2/15)


Innate Abilities, Weirdness & Mutations

You have an increased reservoir of magic. (+10% MP)


Message History

The goblin hits you.
* * * LOW HITPOINT WARNING * * *
You puncture the goblin!
You kill the goblin!
You see here a goblin corpse.
You see here a goblin corpse.
You see here a goblin corpse.
You see here a goblin corpse.
You see here a goblin corpse.
You see here a goblin corpse.
You see here a goblin corpse.
You see here a goblin corpse.
You see here a goblin corpse.
You see here a goblin corpse.
You see here a goblin corpse.
You see here 12 gold pieces.
You barely miss the ogre.
The ogre hits you with a +0 giant spiked club!!
Ouch! That really hurt!
You die...

## ... . ..########
.. ....)...# ...
#>......# ....
#.......# .....
####.......#
......#..........#
........###O@....#
.........†.......#
.......####......##
.....#### ##......#
##.......###......#
................>.#
...........#......#
##......†...#######
###.....#..##


You could see an ogre.

Vanquished Creatures
  A dart slug (D:1)
  A leopard gecko (D:1)
  3 ball pythons (D:1)
  4 bats (D:1)
  A giant cockroach (D:1)
  5 goblins
  5 hobgoblins
  4 kobolds
  3 frilled lizards (D:1)
  6 rats (D:1)
33 creatures vanquished.

Vanquished Creatures (others)
  5 toadstools (D:1)
5 creatures vanquished.

Grand Total: 38 creatures vanquished

Notes
Turn   | Place    | Note
-------+----------+-------------------------------------------
     0 | D:1      | Johnny the Demigod Gladiator began the quest for the Orb.
     0 | D:1      | Reached XP level 1. HP: 17/17 MP: 3/3
    23 | D:1      | Reached skill level 3 in Polearms
    46 | D:1      | Reached XP level 2. HP: 17/24 MP: 4/4
   534 | D:1      | Reached XP level 3. HP: 25/29 MP: 5/5
   616 | D:2      | Reached skill level 4 in Polearms
   619 | D:2      | Noticed an ogre
   764 | D:2      | Mangled by an ogre

Levels and vault maps discovered:
D:1:      ldierk_walled_garden, layout_rooms, interstate_on_off,
          minmay_tromino_v2
D:2:      layout_rooms, kennysheep_big_empty_room, led_sif_pool

Skill      XL: |  1  2  3 |
---------------+----------+-----
Polearms       | 3 4 |  4.0
Fighting       | |  1.7
Throwing       | |  1.7
Dodging        | |  2.6

Action                   || total
-------------------------++-------
Melee: Trident           ||    74
  Use: Scroll            ||     1
 Stab: Sleeping          ||     2
Armor: Leather armour    ||    19
Dodge: Dodged            ||    59

Table legend:
 A = Non-vault XP
 B = Vault XP
 C = Vault XP percentage of total XP
 D = Non-vault monster count
 E = Vault monster count
 F = Vault count percentage of total count
                 A         B        C        D         E       F
            +---------+---------+-------+---------+---------+-------
      Total |      53 |       2 |   3.6 |      32 |       1 |   3.0
            +---------+---------+-------+---------+---------+-------
        D:1 |      48 |       2 |   4.0 |      29 |       1 |   3.3
        D:2 |       5 |       0 |   0.0 |       3 |       0 |   0.0
            +---------+---------+-------+---------+---------+-------
